 Dungeon Crawl Stone Soup version 0.19-a0-1068-g99dd0f4 (webtiles) character file.

46 Charly the Charmwright (level 3, 0/27 HPs)
             Began as a Human Skald on Aug 4, 2016.
             Slain by a crimson imp (1 damage)
             ... on level 3 of the Dungeon.
             The game lasted 00:09:42 (737 turns).

Charly the Charmwright (Human Skald)                 Turns: 737, Time: 00:09:43

Health: 0/27       AC:  0    Str: 12    XL:     3   Next: 92%
Magic:  2/6        EV: 11    Int: 13    God:
Gold:   23         SH:  0    Dex: 12    Spells: 2 memorised, 2 levels left

rFire  . . .     SeeInvis .     a - +0 falchion
rCold  . . .     Gourm    .     (no armour)
rNeg   . . .     Faith    .     (no shield)
rPois  .         Spirit   .     (no helmet)
rElec  .         Dismiss  .     (no cloak)
rCorr  .         Reflect  .     (no gloves)
SustAt .         Harm     .     (no boots)
MR     .....                    (no amulet)
Stlth  +.........               (no ring)
                                (no ring)

@:
A: no striking features
a: no special abilities


You were on level 3 of the Dungeon.
You were not hungry.

You visited 1 branch of the dungeon, and saw 3 of its levels.

You collected 23 gold pieces.

Inventory:

Hand Weapons
 a - a +0 falchion (weapon)
Scrolls
 e - 2 scrolls of enchant armour {unknown}
 f - a scroll of remove curse {unknown}
Books
 c - a book of Battle

   Spells                             Type                      Level
   a - Infusion                       Charms                       1
   b - Shroud of Golubria             Charms/Translocation         2
   c - Song of Slaying                Charms                       2
   d - Spectral Weapon                Hexes/Charms                 3
   e - Regeneration                   Charms/Necromancy            3
Comestibles
 d - 2 bread rations


   Skills:
 - Level 2.0 Fighting
 * Level 3.0 Long Blades
 - Level 1.0 Armour
 - Level 1.0 Dodging
 - Level 2.0 Spellcasting
 * Level 3.7 Charms
 + Level 0.4 Necromancy


You had 2 spell levels left.
You knew the following spells:

 Your Spells              Type           Power        Failure   Level  Hunger
i - Infusion              Chrm           ##..         8%          1    ##.....
r - Regeneration          Chrm/Necr      #.........   34%         3    ####...


Dungeon Overview and Level Annotations

Branches:
Dungeon (3/15)

Altars:
Trog


Message History

The crimson imp hits you.
* * * LOW HITPOINT WARNING * * *
You closely miss the crimson imp.
The crimson imp is heavily wounded.
The crimson imp hits you.
* * * LOW HITPOINT WARNING * * *
You closely miss the crimson imp.
The crimson imp is heavily wounded.
The crimson imp completely misses you.
You hit the crimson imp.
The crimson imp is severely wounded.
The crimson imp closely misses you.
You riposte.
You barely miss the crimson imp.
The crimson imp is severely wounded.
The crimson imp hits you.
* * * LOW HITPOINT WARNING * * *
You miss the crimson imp.
The crimson imp is heavily wounded.
The crimson imp hits you.
You die...

#.# ###...# #.#
#.###...## #.#
###
#.##.###.####.#
#.. #.)..#
#.)....# #.#
#.##.###.##.###
#
#.###...#.....#
#..######.....#
##...##
###########
#.5@..#
.........
##...##
..#...#.. ##.##
_........ #.#
..#...#.. #.#
......... #.#
#############
#.# #.......#
#.# #.# #.#
#.####.#####.#


You could see a crimson imp.

Vanquished Creatures
  2 oozes (D:1)
  A worm (D:2)
  6 orcs (D:3)
  4 bats
  A giant cockroach (D:1)
  3 goblins
  2 jackals (D:1)
  2 ball pythons (D:1)
  2 giant newts
  2 kobolds
  3 rats
28 creatures vanquished.

Notes
Turn   | Place    | Note
-------+----------+-------------------------------------------
     0 | D:1      | Charly the Human Skald began the quest for the Orb.
     0 | D:1      | Reached XP level 1. HP: 16/16 MP: 3/3
   101 | D:1      | Reached XP level 2. HP: 5/22 MP: 0/5
   263 | D:1      | Charly: @?ooze
   263 | D:1      | beem: ooze (J)
                  | Spd:
    10 | HD: 3    | HP: 9-15
                  | AC/EV: 1/3
                  | Dam: 5
                  | see invisible, unbreathing
                  | Res: magic(20), poison, acid+++, blind, drown
                  | XP:
     7 | Sz: little | Int: brainless.
   279 | D:1      | Reached XP level 3. HP: 5/27 MP: 0/6
   284 | D:1      | Learned a level 3 spell: Regeneration
   575 | D:3      | Found a bloodstained altar of Trog.
   736 | D:3      | HP: 1/27 [crimson imp (4)]
   737 | D:3      | Slain by a crimson imp

Vault maps used:
D:1:      onia_arrival_handbag, serial_forest, infiniplex_forest_clump_medium,
          infiniplex_forest_clump_double, infiniplex_forest_side_room,
          infiniplex_forest_end_1, infiniplex_forest_zigzag_2,
          infiniplex_forest_clump_tiny, infiniplex_forest_clump_cross,
          infiniplex_forest_straight_2
D:3:      lemuel_coloured_pillars_altar, kennysheep_generic_room_3

Skill      XL: |  1  2  3 |
---------------+----------+-----
Long Blades    | 3 |  3.0
Fighting       | |  2.0
Armour         | |  1.0
Dodging        | |  1.0
Spellcasting   | |  2.0
Charms         | |  3.7
Necromancy     | |  0.4

Action                   || total
-------------------------++-------
Melee: Falchion          ||   121
 Cast: Infusion          ||     9
       Regeneration      ||     3
 Stab: Sleeping          ||     2
  Eat: Beef jerky        ||     1
Armor: Leather armour    ||     9
Dodge: Dodged            ||    51
